 Dungeon Crawl Stone Soup version 0.30-a0-782-ge64f9170bb (webtiles) character file.

Game seed: 15280766454987416191

5132 mopl the Tainter (level 10, -4/71 (74) HPs)
             Began as a Formicid Venom Mage on Mar 11, 2023.
             Was an Initiate of Cheibriados.
             Slain by a yak (8 damage)
             ... on level 8 of the Dungeon.
             The game lasted 00:14:35 (8032 turns).

mopl the Tainter (Formicid Venom Mage)              Turns: 8032, Time: 00:14:36

HP:   -4/71 (74)    AC:  2    Str: 15    XL:     10   Next: 88%
MP:   3/14          EV: 13    Int: 19    God:    Cheibriados [......]
Gold: 429           SH: 11    Dex: 15    Spells: 10/15 levels left

rFire   . . .      SeeInvis +    c - +0 spear
rCold   . . .      Faith    .    j - +0 kite shield
rNeg    + . .      Spirit   .    a - +0 robe
rPois   .          Reflect  .    (helmet unavailable)
rElec   .          Harm     .    (no cloak)
rCorr   .          Rampage  .    (no gloves)
Will    +....                    (no boots)
Stlth   ++                       q - amulet of regeneration
HPRegen 1.11/turn                x - ring of positive energy
MPRegen 0.14/turn                (no ring)

@: radiating poison, lightly drained, very slow
A: permanent stasis, dig shafts and tunnels, antennae 3, four strong arms
a: Dig, Shaft Self, Renounce Religion


You were on level 8 of the Dungeon.
You worshipped Cheibriados.
Cheibriados was noncommittal.
You visited 2 branches of the dungeon, and saw 9 of its levels.
You also visited: Sewer.

You collected 429 gold pieces.

Inventory:

Hand Weapons
 c - a +0 spear (weapon)
Missiles
 i - 5 boomerangs
 l - 11 poisoned darts
Armour
 a - a +0 robe (worn)
 j - a +0 kite shield (worn)
Jewellery
 q - an amulet of regeneration (around neck)
 x - a ring of positive energy (left hand)
 A - a ring of fire
Wands
 y - a wand of charming (6)
 z - a wand of polymorph (7)
Scrolls
 d - a scroll of brand weapon {unknown}
 e - 7 scrolls of identify {unknown}
 h - 2 scrolls of enchant armour {unknown}
 k - 6 scrolls of teleportation {unknown}
 m - 2 scrolls of blinking {unknown}
 n - a scroll of fog {unknown}
 r - 2 scrolls of butterflies {unknown}
 s - 2 scrolls of fear {unknown}
 B - a scroll of amnesia {unknown}
 D - a scroll of torment {unknown}
 E - a scroll of silence {unknown}
 F - 4 scrolls of vulnerability {unknown}
Potions
 b - 2 potions of magic
 f - 5 potions of heal wounds
 g - 4 potions of curing
 o - 2 potions of flight {unknown}
 p - a potion of might {unknown}
 t - 2 potions of invisibility {unknown}
 u - 2 potions of degeneration {unknown}
 v - 2 potions of lignification {unknown}
 w - 2 potions of berserk rage {unknown}
 C - 3 potions of brilliance {unknown}


   Skills:
 + Level 5.3 Fighting
 + Level 4.9 Throwing
 + Level 5.3 Armour
 + Level 4.9 Dodging
 - Level 2.4 Stealth
 + Level 9.0 Shields
 - Level 3.0 Spellcasting
 - Level 1.1 Transmutations
 + Level 10.1 Poison Magic
 + Level 3.1 Invocations
 + Level 4.8 Evocations


You had 10 spell levels left.
You knew the following spells:

 Your Spells              Type           Power      Damage    Failure   Level
a - Sting                 Tmut/Pois      96%        1d7       3%          1
o - Olgreb's Toxic Radia  Pois           41%        N/A       4%          4

Your spell library contained the following spells:

 Spells                   Type           Power      Damage    Failure   Level
 Poisonous Vapours        Pois/Air       44%        N/A       5%          2
 Mephitic Cloud           Conj/Pois/Air  15%        N/A       22%         3


Dungeon Overview and Level Annotations

Branches:
Dungeon (8/15)             Temple (1/1) D:7            Lair (0/5) D:8
  Sewer (visited)

Altars:
Ashenzari
Cheibriados
Dithmenos
Elyvilon
Fedhas
Hepliaklqana
Kikubaaqudgha
Makhleb
Nemelex Xobeh
Qazlal
Ru
Sif Muna
Trog
Uskayaw
Vehumet
Wu Jian
Xom
Yredelemnul
Zin
The Shining One

Shops:
D:5 :


Innate Abilities, Weirdness & Mutations

You cannot be hasted, slowed, berserked, paralysed or teleported.
You can dig through walls and to a lower floor.
You have a pair of large antennae on your head. (SInv)
Your four strong arms can wield two-handed weapons with a shield.


Message History

The yak looks as sick as possible!
A wight comes into view. It is wielding a +0 rapier.
You block the yak's attack. x2; The yak completely misses you.
You hit the yak.
The yak is heavily wounded.
The yak looks even sicker.
The yak looks as sick as possible! x2
Your toxic aura wanes.
The yak completely misses you. You block the yak's attack. The yak gores you!
You completely miss the yak.
The yak is heavily wounded.
The yak closely misses you. The yak gores you. The yak barely misses you.
You block the yak's attack. The yak gores you. The yak barely misses you.
You hit the yak.
The yak is severely wounded.
The yak barely misses you. The yak gores you. You block the yak's attack.
You hit the yak.
The yak is almost dead.
You block the yak's attack. x2; The yak gores you.
* * * LOW HITPOINT WARNING * * *
You hit the yak but do no damage.
The yak is almost dead.
The yak barely misses you. The yak gores you!
* * * LOW HITPOINT WARNING * * *
You block the yak's attack.
You feel much better.
You kill the yak!
Cheibriados appreciates the change of pace.
You kill the yak!
Cheibriados appreciates the change of pace.
The yak barely misses you. The yak gores you!
* * * LOW HITPOINT WARNING * * *
Your Shields skill increases to level 9!
Your Invocations skill increases to level 3!
Casting: Olgreb's Toxic Radiance (dangerous; 4% risk of failure)
Confirm with . or Enter, or press ? or * to list all spells.
You begin to radiate toxic energy.
The yak looks even sicker. x2
The yak gores you!
* * * LOW HITPOINT WARNING * * *
The yak gores you!
You die...

..# ..#
...# ...#
....#
#....#
##YY...#
#@Yz...#
#†###....
... .
....# ..
.###.# #.#
.# .# ..
#. .# .#
#.###....
#. .#
.....~....


You could see 3 yaks and a wight.

Vanquished Creatures
  A two-headed ogre (D:8)
  Pikel (D:4)
  A rime drake (D:8)
  Psyche (D:8)
  A polar bear (D:8)
  7 yaks
  2 ice beasts
  A sky beast (D:7)
  A centaur (D:5)
  A wolf (D:8)
  4 ogres (D:5)
  2 lemures (D:4)
  A kobold brigand (Sewer)
  2 bullfrogs
  A gnoll sergeant (D:8)
  4 scorpions
  A wight (D:7)
  A jelly (D:6)
  3 hounds
  4 orc priests
  4 iguanas
  Natasha (thrice) (D:4)
  3 orc wizards
  14 gnolls
  15 adders
  6 river rats
  A white imp (D:8)
  An ufetubus (D:6)
  4 worms (D:3)
  5 dart slugs
  10 orcs
  8 endoplasms
  3 giant cockroaches
  7 goblins
  9 hobgoblins
  3 jackals (Sewer)
  8 kobolds
  A quokka (D:1)
  9 ball pythons
  6 bats
  10 frilled lizards
  8 rats
178 creatures vanquished.

Vanquished Creatures (collateral kills)
  An ice beast (D:8)
1 creature vanquished.

Vanquished Creatures (others)
  A bullfrog (D:8)
  13 plants (Sewer)
14 creatures vanquished.

Grand Total: 193 creatures vanquished

Notes
Turn   | Place    | Note
-------+----------+-------------------------------------------
     0 | D:1      | mopl the Formicid Venom Mage began the quest for the Orb.
     0 | D:1      | Reached XP level 1. HP: 13/13 MP: 3/3
   261 | D:1      | Reached XP level 2. HP: 19/19 MP: 1/5
   631 | D:1      | Found a faded altar of an unknown god.
   752 | D:2      | Reached XP level 3. HP: 23/24 MP: 4/7
   792 | D:2      | Reached skill level 1 in Shields
   969 | D:2      | Reached skill level 3 in Spellcasting
   969 | D:2      | Reached skill level 5 in Poison Magic
   971 | D:2      | Reached XP level 4. HP: 7/30 MP: 1/8
  1099 | D:2      | Reached skill level 2 in Shields
  1355 | D:3      | Learned a level 4 spell: Olgreb's Toxic Radiance
  1407 | D:3      | Reached skill level 3 in Shields
  1407 | D:3      | Reached XP level 5. HP: 9/35 MP: 5/9
  1523 | D:3      | Found a glowing drain.
  1531 | Sewer    | Entered a sewer
  1658 | Sewer    | Reached skill level 6 in Poison Magic
  1708 | Sewer    | Reached skill level 4 in Shields
  1810 | Sewer    | Reached XP level 6. HP: 41/41 MP: 5/10
  1931 | Sewer    | Reached skill level 5 in Shields
  2193 | D:3      | Reached skill level 7 in Poison Magic
  2806 | D:4      | Found a glowing golden altar of the Shining One.
  2902 | D:4      | Noticed Natasha
  2909 | D:4      | Reached XP level 7. HP: 33/46 MP: 6/11
  2909 | D:4      | Killed Natasha
  2973 | D:4      | Noticed Pikel
  2990 | D:4      | Killed Pikel
  2991 | D:4      | Reached skill level 1 in Fighting
  2991 | D:4      | Reached skill level 1 in Throwing
  2991 | D:4      | Reached skill level 1 in Armour
  2991 | D:4      | Reached skill level 2 in Dodging
  2991 | D:4      | Reached skill level 6 in Shields
  2991 | D:4      | Reached skill level 8 in Poison Magic
  2991 | D:4      | Reached XP level 8. HP: 48/56 MP: 5/12
  3108 | D:4      | Reached skill level 2 in Armour
  3118 | D:4      | Reached skill level 2 in Fighting
  3431 | D:4      | Reached skill level 2 in Throwing
  3641 | D:4      | Noticed Natasha
  3660 | D:4      | Killed Natasha
  3723 | D:4      | Found a glowing golden altar of the Shining One.
  4146 | D:4      | Noticed Natasha
  4153 | D:4      | Killed Natasha
  4154 | D:4      | Reached skill level 1 in Evocations
  4155 | D:4      | Found a glowing golden altar of the Shining One.
  4596 | D:5      | Entered Level 5 of the Dungeon
  4628 | D:5      | Found Zaula's Book Boutique.
  4671 | D:5      | Reached skill level 3 in Dodging
  4843 | D:5      | Reached skill level 7 in Shields
  4860 | D:5      | Reached skill level 2 in Evocations
  4860 | D:5      | Reached XP level 9. HP: 53/62 MP: 1/13
  5005 | D:5      | Reached skill level 3 in Armour
  5006 | D:5      | Reached skill level 3 in Fighting
  5070 | D:5      | Found a stormy altar of Qazlal.
  5089 | D:5      | Reached skill level 3 in Throwing
  5329 | D:5      | Reached skill level 3 in Evocations
  5330 | D:5      | Reached skill level 9 in Poison Magic
  5380 | D:5      | Reached skill level 4 in Fighting
  5380 | D:5      | Reached skill level 4 in Armour
  5835 | D:6      | Reached skill level 4 in Dodging
  6049 | D:6      | You fall into a shaft and drop 1 floor!
  6073 | D:7      | Reached skill level 8 in Shields
  6415 | D:6      | Reached XP level 10. HP: 72/73 MP: 10/14
  6462 | D:6      | Found an ornate altar of the Wu Jian Council.
  6493 | D:6      | Reached skill level 4 in Throwing
  6928 | D:7      | Found a staircase to the Ecumenical Temple.
  6937 | Temple   | Entered the Ecumenical Temple
  7137 | Temple   | Became a worshipper of Cheibriados the Contemplative
  7320 | D:7      | Found a bloodstained altar of Trog.
  7462 | D:7      | Reached skill level 4 in Evocations
  7537 | D:8      | Noticed a two-headed ogre
  7549 | D:8      | Killed a two-headed ogre
  7550 | D:8      | Reached skill level 1 in Invocations
  7653 | D:8      | Found a staircase to the Lair.
  7653 | D:8      | Noticed Psyche
  7653 | D:8      | Noticed a rime drake
  7659 | D:8      | Reached skill level 5 in Fighting
  7659 | D:8      | Reached skill level 2 in Invocations
  7664 | D:8      | Killed a rime drake
  7665 | D:8      | Reached skill level 5 in Armour
  7682 | D:8      | Killed Psyche
  7683 | D:8      | Reached skill level 10 in Poison Magic
  7814 | D:8      | Found a glowing silver altar of Zin.
  8030 | D:8      | HP: 2/64 [yak (16)]
  8032 | D:8      | Reached skill level 9 in Shields
  8032 | D:8      | Reached skill level 3 in Invocations
  8032 | D:8      | Slain by a yak

Illustrated notes

Levels and vault maps discovered:
D:1:      amcnicky_arrival_flooded_fountain, layout_basic,
          hellmonk_ecumenical_altar_inner_sanctum
D:2:      layout_rooms
D:3:      cheibrodos_old_hovel, layout_loops_ring, lightli_sewer_entry_pipes
D:4:      layout_loops_ring, mainiacjoe_overflow_small_starburst,
          minmay_misc_feat_x, uniq_natasha, uniq_pikel
D:5:      layout_basic, grunt_qazlal_sundering, serial_shops, shop_fountains
D:6:      hellmonk_destroyed_diamonds, layout_basic, nzn_wu_jian_contemplation
D:7:      layout_cave_pools, minmay_temple_entry_trees, david_defended_altar_orc
D:8:      layout_rooms, overflow_temple_1_default, hellmonk_lair_entry_icy,
          kennysheep_generic_room_9, uniq_psyche
Temple:   nicolae_temple_bog_church

Skill      XL: |  1  2  3  4  5  6  7  8  9 10 |
---------------+-------------------------------+-----
Shields        | 1 3 4 5 6 7 8 9 |  9.0
Spellcasting   | 3 |  3.0
Poison Magic   | 5 6 7 8 9 10 | 10.1
Fighting       | 1 2 4 5 |  5.3
Throwing       | 1 2 3 4 |  4.9
Armour         | 1 2 4 5 |  5.3
Dodging        | 2 3 4 |  4.9
Evocations     | 2 3 4 |  4.8
Invocations    | 3 |  3.1
Stealth        | |  2.4
Transmutations | |  1.1

Action                     |  1- 3 |  4- 6 |  7- 9 | 10-12 || total
---------------------------+-------+-------+-------+-------++-------
  Melee: Spear             |    62 |   118 |   132 |    64 ||   376
         Punch             |       |     1 |     1 |       ||     2
   Cast: Sting             |    41 |    76 |    61 |    32 ||   210
         Olgreb's Toxic Ra |       |     7 |    26 |    15 ||    48
  Evoke: Wand              |       |       |       |     1 ||     1
    Use: Potion            |       |       |       |     4 ||     4
   Stab: Sleeping          |     2 |     2 |     2 |     1 ||     7
         Distracted        |       |       |     1 |       ||     1
 Armour: Robe              |    14 |     8 |    12 |     5 ||    39
  Dodge: Dodged            |    40 |    79 |    68 |    46 ||   233
  Block: Kite shield       |    26 |    10 |    44 |    52 ||   132

Table legend: (Time is in decaauts)
 A = Elapsed time spent in this place.
 B = Non-inter-level travel time spent in this place.
 C = Inter-level travel time spent in this place.
 D = Time resting spent in this place.
 E = Time spent auto-exploring this place.
 F = Levels seen in this place.
 G = Mean time per level.
                   A        B        C        D        E       F      G
               +--------+--------+--------+--------+--------+-----+--------+
         Total |   8417 |   8122 |    295 |   1095 |   5123 |  10 |  841.7 |
       Dungeon |   7407 |   7154 |    253 |   1012 |   4570 |   8 |  925.9 |
        Temple |    226 |    184 |     42 |      0 |    164 |   1 |  226.0 |
         Sewer |    784 |    784 |      0 |     83 |    389 |   1 |  784.0 |
               +--------+--------+--------+--------+--------+-----+--------+

Top non-repeatable levels by time:
     D:4: 1836 daAuts
     D:5: 1068 daAuts
     D:6: 981 daAuts
     D:7: 924 daAuts
     D:3: 816 daAuts
   Sewer: 784 daAuts
     D:1: 732 daAuts
     D:2: 624 daAuts
     D:8: 423 daAuts
  Temple: 226 daAuts
